 Dungeon Crawl Stone Soup version 0.30.1 (webtiles) character file.

Game seed: 6114493395027902082

32 tkbsonic5 the Trooper (level 3, -5/33 HPs)
             Began as a Draconian Berserker on July 2, 2023.
             Was a Follower of Trog.
             Slain by Sigmund
             ... wielding a +0 scythe
              (6 damage)
             ... on level 2 of the Dungeon.
             The game lasted 00:02:40 (1150 turns).

tkbsonic5 the Trooper (Draconian Berserker)         Turns: 1150, Time: 00:02:40

Health: -5/33      AC:  5    Str: 21    XL:     3   Next: 8%
Magic:  3/3        EV: 12    Int:  7    God:    Trog [*.....]
Gold:   74         SH:  0    Dex: 10    Spells: 2/2 levels left

rFire   + . .        a - +0 hand axe {(3,7 AOE)}
rCold   + . .        (no shield)
rNeg    . . .        (body armour unavailable)
rPois   +            (helmet restricted)
rElec   +            (no cloak)
rCorr   +            (no gloves)
SInv    .            (no boots)
Will    .....        (no amulet)
Stlth   +            (no ring)
HPRegen 0.25/turn    (no ring)
MPRegen 0.08/turn

%: no passive effects
@: resistant, on berserk cooldown, slowed, very slow
A: AC +5, unfitting armour, cold-blooded
a: Renounce Religion, Berserk


You were on level 2 of the Dungeon.
You worshipped Trog.
Trog was aware of your devotion.
You visited 1 branch of the dungeon, and saw 2 of its levels.

You collected 74 gold pieces.

Inventory:

Hand Weapons
 a - a +0 hand axe (weapon) {(3,7 AOE)}
 g - a +1 dagger of draining {(7,5+)}
Scrolls
 b - a scroll of immolation
Potions
 d - a potion of curing


   Skills:
 * Level 3.9 Fighting
 * Level 3.5 Axes
 + Level 2.9 Dodging


You had 2 spell levels left.
You didn't know any spells.
Your spell library was empty.

Dungeon Overview and Level Annotations

Branches:
Dungeon (2/15)

Altars:

Shops:
D:1 [

Annotations:
D:2 Sigmund


Innate Abilities, Weirdness & Mutations

Your plain brown scales are hard. (AC +5)
You cannot fit into any form of body armour.
You are cold-blooded and may be slowed by cold attacks.


Message History

Trog accepts your kill.
Sigmund casts a spell.
Sigmund flickers and vanishes!
Deactivating autopickup; reactivate with Ctrl-A.
Things that are here:
a +0 club; 3 stones; a kobold corpse You miss something.
Something hits you!
You miss something. You miss something. Something barely misses you.
You slash something! You closely miss something. Something hits you.
You closely miss something. You miss something.
Something completely misses you.
You miss something. You slash something!
You are no longer berserk.
You are exhausted.
You feel yourself slow down. Something hits you.
You hit something. Something hits you.
You hit something.
Your tail-slap misses something.
Something hits you.
You closely miss something. Something hits you.
Something hits you but does no damage.
It was a potion of resistance.
You feel protected. Something hits you!
* * * LOW HITPOINT WARNING * * *
Okay, then.
Okay, then.
As you read the scroll labelled DOEVVI WARY, it crumbles to dust.
The creatures around you are filled with an inner flame!
It was a scroll of immolation.
Something barely misses you.
The air fills with toxic fumes!
As you read the scroll labelled SEGIYM VURCHA, it crumbles to dust.
It was a scroll of poison.
Something hits you.
* * * LOW HITPOINT WARNING * * *
As you read the scroll labelled KOPPUT DUUBYGI, it crumbles to dust.
It is a scroll of identify.
You don't currently have any unidentified items.
Something hits you.
You die...

# ## #§# ..
§§§#### #+ #.§§§§
..# #.
####§§#####.# #.
#§§{§§§§§##.#####.
#@##..##...†......
#§##..##..#.###...
#§##......#.# ##..
#§###.##.##.# ##.
#§# #.......# #.
#§######.#### #.
#§§...†..# #.
########### #.
#.........# #.


There were no monsters in sight!

Vanquished Creatures
  An adder (D:2)
  A dart slug (D:1)
  2 endoplasms (D:1)
  2 goblins (D:1)
  4 hobgoblins
  A quokka (D:2)
  2 ball pythons
  3 bats (D:1)
  5 kobolds
21 creatures vanquished.

Notes
Turn   | Place    | Note
-------+----------+-------------------------------------------
     0 | D:1      | tkbsonic5 the Draconian Berserker began the quest for the
                  | Orb.
     0 | D:1      | Reached XP level 1. HP: 19/19 MP: 1/1
   235 | D:1      | Found Unuguli's Antique Armour Shoppe.
   502 | D:1      | Reached XP level 2. HP: 26/26 MP: 2/2
  1103 | D:2      | Reached XP level 3. HP: 32/33 MP: 3/3
  1125 | D:2      | Noticed Sigmund
  1149 | D:2      | HP: 1/33 [something (6)]
  1150 | D:2      | Slain by Sigmund

Illustrated notes

Levels and vault maps discovered:
D:1:      minmay_arrival_pointy, layout_loops_ring, serial_shops,
          nicolae_shop_rolling_square
D:2:      layout_loops_corners, basic_altar, uniq_sigmund, uniq_terence

Action                     || total
---------------------------++-------
  Melee: Hand axe          ||    64
         Tailslap          ||     8
         Dagger            ||    14
 Invoke: Berserk           ||     1
    Use: Scroll            ||     3
         Potion            ||     2
 Armour: Skin              ||    22
  Dodge: Dodged            ||    50
